AoeStats
← Navix de los Bosques de Lituania

Black Forest

509380385Analyzed
3v3 RM · 4d ago on Sep 26, 2026· 61m 44s· 6 players
Game mode
Random Map
Map size
Normal (6 player)
Population
200
Speed
Normal
Resources
Standard
Victory
Conquest
Starting age
Dark Age
Ending age
Imperial Age
RankedLock teamsTeams togetherTeam positionsShared explorationLock speedFull tech treeHidden civsTurbo modeCheats
Victory
Defeat
🇷🇴 Turks · Romania
887
+14
🇷🇴 Romans · Romania
887
+14
🇷🇴 Spanish · Romania
884
+14
🇧🇷 Portuguese · Brazil
888
-16
🇷🇺 Turks · Russia
850
-14
796
-12
Navix de los Bosques de Lituania
4:36 Loom
12:59 Feudal Age
13:43 Double-Bit Axe
14:32 Gold Mining
15:20 Wheelbarrow
15:13 Scale Mail Armor
15:23 Forging
15:05 Fletching
15:15 Padded Archer Armor
17:24 Horse Collar
19:06 Padded Archer Armor
21:58 Stone Mining
25:11 Castle Age
25:44 Castle Age
26:48 Hand Cart
27:11 Gold Shaft Mining
27:11 Stone Shaft Mining
26:52 Bow Saw
26:46 Heavy Plow
29:27 Caravan
29:58 Coinage
28:57 Crossbowman
28:57 Elite Skirmisher
29:43 Thumb Ring
36:09 Imperial Age
34:54 Ballistics
34:45 Masonry
35:20 Leather Archer Armor
35:00 Bodkin Arrow
38:51 Chemistry
38:22 Architecture
37:58 Bracer
38:28 Ring Archer Armor
39:42 Two-Man Saw
39:37 Arbalester
40:41 Chain Mail Armor
41:01 Iron Casting
41:46 Banking
42:52 Plate Mail Armor
42:53 Ring Archer Armor
44:24 Blast Furnace
Fire Elemental
14:25 Feudal Age
18:35 Castle Age
20:58 Double-Bit Axe
28:55 Horse Collar
33:12 Imperial Age
30:58 Forging
30:57 Scale Mail Armor
31:02 Stone Mining
31:11 Fishing Lines
32:37 Wheelbarrow
32:14 Bow Saw
32:28 Chain Mail Armor
32:42 Pikeman
34:04 Iron Casting
33:58 Heavy Plow
33:50 Halberdier
35:35 Blast Furnace
35:40 Chemistry
35:16 Conscription
36:18 Blast Furnace
36:44 Plate Mail Armor
36:45 Gold Mining
38:00 Two-Man Saw
40:35 Arquebus
42:06 Hand Cart
43:01 Crop Rotation
43:59 Siege Engineers
Vampir2014
1:03 Loom
13:47 Feudal Age
14:13 Horse Collar
14:21 Double-Bit Axe
15:14 Wheelbarrow
14:35 Stone Mining
14:46 Gold Mining
16:02 Fishing Lines
22:15 Castle Age
22:50 Gillnets
23:13 Bow Saw
23:08 Heavy Plow
23:47 Gold Shaft Mining
24:50 Hand Cart
25:30 Caravan
25:45 Fletching
26:08 Forging
25:59 Padded Archer Armor
26:01 Scale Mail Armor
26:56 Fervor
28:40 Bodkin Arrow
30:31 Murder Holes
30:47 Fortified Wall
31:10 Treadmill Crane
35:26 Imperial Age
33:20 Town Watch
34:04 Sanctity
34:24 Iron Casting
34:05 Chain Mail Armor
34:03 Squires
33:48 Arson
35:26 Ballistics
35:17 Masonry
36:19 Artillery
36:42 Conscription
37:08 Elite Janissary
38:10 Sipahi
38:08 Leather Archer Armor
38:02 Scale Barding Armor
37:59 Man-at-Arms
38:28 Long Swordsman
40:40 Guilds
40:07 Two-Handed Swordsman
40:41 Champion
42:58 Hoardings
47:06 Bracer
48:06 Blast Furnace
47:37 Plate Mail Armor
47:37 Ring Archer Armor
47:28 Chain Barding Armor
gabisan
0:27 Loom
13:33 Feudal Age
19:16 Castle Age
17:52 Double-Bit Axe
18:41 Stone Mining
21:45 Fletching
27:37 Horse Collar
28:59 Gold Mining
34:45 Imperial Age
33:40 Gold Shaft Mining
34:17 Wheelbarrow
33:47 Caravan
35:22 Coinage
35:17 Fortified Wall
35:26 Bow Saw
35:42 Artillery
36:03 Conscription
37:21 Heated Shot
37:42 Masonry
38:17 Hand Cart
41:24 Banking
45:04 Bloodlines
44:56 Husbandry
47:22 Two-Man Saw
49:57 Ballistics
52:43 Scale Mail Armor
52:49 Scale Barding Armor
52:55 Forging
52:46 Padded Archer Armor
52:41 Bodkin Arrow
53:18 Architecture
52:35 Arrowslits
54:07 Chain Mail Armor
57:44 Plate Mail Armor
57:50 Iron Casting
57:36 Chain Barding Armor
57:31 Leather Archer Armor
57:18 Bracer
highrisk
9:15 Loom
11:26 Feudal Age
17:04 Castle Age
15:08 Double-Bit Axe
15:18 Horse Collar
16:20 Gold Mining
20:45 Heavy Plow
20:59 Bow Saw
25:06 Gold Shaft Mining
24:36 Stone Mining
31:23 Imperial Age
29:21 Ballistics
32:00 Wheelbarrow
31:11 Town Watch
33:45 Caravan
34:52 Crop Rotation
35:28 Chemistry
34:31 Heavy Scorpion
36:05 Hand Cart
35:51 Town Patrol
38:40 Siege Engineers
38:46 Masonry
40:05 Man-at-Arms
40:08 Pikeman
40:49 Squires
41:05 Long Swordsman
43:09 Coinage
45:12 Legionary
47:33 Ballistas
48:25 Conscription
58:57 Comitatenses
email_to_mihai
0:29 Loom
14:10 Feudal Age
20:53 Castle Age
19:23 Double-Bit Axe
19:26 Horse Collar
20:26 Stone Mining
20:27 Gold Mining
23:02 Wheelbarrow
22:51 Bow Saw
31:22 Imperial Age
29:36 Hand Cart
29:54 Light Cavalry
30:45 Bloodlines
30:53 Fletching
31:13 Forging
31:04 Scale Mail Armor
31:06 Padded Archer Armor
32:32 Conscription
33:28 Conscription
32:46 Cavalier
33:26 Husbandry
33:37 Bloodlines
37:21 Chemistry
36:41 Ballistics
36:59 Caravan
37:41 Scale Barding Armor
37:32 Bodkin Arrow
37:05 Elite Skirmisher
39:03 Chain Barding Armor
39:02 Bracer
39:42 Iron Casting
39:23 Chain Mail Armor
39:23 Leather Archer Armor
38:46 Heavy Mounted Crossbowman
42:12 Plate Barding Armor
46:25 Hussar
56:17 Bombard Tower
Connection lost

Rejoining the realm…

Still unreachable

The connection could not be restored.

Session expired

The server has moved on; the page needs a fresh start.